 Dungeon Crawl Stone Soup version 0.29.1-1-gd02db6906a (webtiles) character file.

Game seed: 10896772202994000047

119 safid the Shooter (level 4, -10/38 HPs)
             Began as a Minotaur Hunter on Sept 28, 2022.
             Killed by nerve-wracking pain
             ... invoked by a shadow imp
             ... summoned by Natasha
              (11 damage)
             ... on level 2 of the Dungeon.
             The game lasted 00:02:24 (1551 turns).

safid the Shooter (Minotaur Hunter)                 Turns: 1551, Time: 00:02:24

Health: -10/38     AC:  3    Str: 16    XL:     4   Next: 73%
Magic:  3/3        EV: 12    Int:  6    God:
Gold:   94         SH:  0    Dex: 15    Spells: 3/3 levels left

rFire   . . .      SeeInvis .   a - +0 shortbow
rCold   . . .      Faith    .   (shield currently unavailable)
rNeg    . . .      Spirit   .   c - +0 leather armour
rPois   .          Reflect  .   (helmet restricted)
rElec   .          Harm     .   (no cloak)
rCorr   .          Rampage  .   (no gloves)
Will    .....                   (no boots)
Stlth   +.........              (no amulet)
HPRegen 0.12/turn               (no ring)
MPRegen 0.08/turn               (no ring)

@: slowed, very slow
A: horns 2, retaliatory headbutt
a: no special abilities


You were on level 2 of the Dungeon.
You visited 1 branch of the dungeon, and saw 2 of its levels.

You collected 94 gold pieces.

Inventory:

Hand Weapons
 a - a +0 shortbow (weapon)
Missiles
 h - 2 javelins
Armour
 c - a +0 leather armour (worn)
Jewellery
 m - a ring of wizardry
Scrolls
 b - a scroll of immolation
 d - 2 scrolls of noise {unknown}
 f - a scroll of amnesia {unknown}
 i - a scroll of identify {unknown}
 l - 2 scrolls of butterflies {unknown}
Potions
 e - a potion of attraction {unknown}
 g - a potion of brilliance {unknown}
 j - 2 potions of heal wounds {unknown}
 k - a potion of flight {unknown}
 n - a potion of lignification {unknown}
 o - a potion of ambrosia {unknown}


   Skills:
 - Level 3.0 Fighting
 + Level 6.6 Ranged Weapons
 - Level 2.1 Dodging
 - Level 0.7 Stealth


You had 3 spell levels left.
You didn't know any spells.
Your spell library was empty.

Dungeon Overview and Level Annotations

Branches:
Dungeon (2/15)

Altars:

Annotations:
D:2 1 runed translucent door, Crazy Yiuf, Natasha


Innate Abilities, Weirdness & Mutations

You have a pair of horns on your head.
You reflexively headbutt those who attack you in melee.


Message History

You shoot an arrow. The arrow hits the giant cockroach!
You kill the giant cockroach!
You hear an angry hiss.
You shoot an arrow. The arrow hits Natasha.
Natasha is lightly wounded.
Natasha casts a spell.
You shoot an arrow. The arrow barely misses Natasha.
Natasha zaps a wand.
The bolt of light hits you!
You shoot an arrow. The arrow closely misses Natasha.
You shoot an arrow. The arrow barely misses the shadow imp.
You shoot an arrow.
The arrow closely misses the shadow imp.
Natasha mumbles some strange words.
The shadow imp misses you.
You shoot an arrow. The arrow hits the shadow imp!
The shadow imp is severely wounded.
The shadow imp closely misses you. You furiously retaliate!
You headbutt the shadow imp. You shoot an arrow.
The arrow barely misses the shadow imp.
The shadow imp barely misses you.
Natasha stares at you and mumbles some strange words.
You feel yourself slow down. The shadow imp closely misses you.
You shoot an arrow.
The arrow closely misses the shadow imp.
Natasha zaps a wand.
The bolt of light hits you! The shadow imp hits you. Natasha claws you.
* * * LOW HITPOINT WARNING * * *
The shadow imp hits you.
* * * LOW HITPOINT WARNING * * *
Fire: a) +0 shortbow
Press: ? - help, Q - select action, (/) - cycle Shift-Dir - straight line, f - Natasha, p - shadow imp
Aim: Natasha, carrying a wand of light (11) (lightly wounded, 56% to hit)
You shoot an arrow. The arrow hits Natasha.
Natasha is lightly wounded.
Natasha mewls in sadness.
Natasha claws you!
* * * LOW HITPOINT WARNING * * *
The shadow imp gestures at you. Pain shoots through your body!
You die...

##......##.# #...#
##..#######.# #...# #..##
###...# #..## #### ##...###
#...# ###..### #.#.# ##...##
#.#.####### . ###..###
###.#.##..... # #...##
#####h5)..÷..### ##.###
####...@5###).....##
#..#####....######........##
#........####
#......)...#### ##########
#####..............
####..............####
#####....###..........#
#.....######..........#
#####.......#........#####
#######......†........


You could see Natasha and 2 shadow imps.

Vanquished Creatures
  Natasha (D:2)
  Robin (D:2)
  A worm (D:2)
  2 dart slugs
  8 ball pythons (D:1)
  6 bats
  7 endoplasms
  3 giant cockroaches
  8 hobgoblins
  3 jackals (D:2)
  5 quokkas (D:1)
  A frilled lizard (D:2)
  12 goblins
  5 kobolds
  5 rats
68 creatures vanquished.

Notes
Turn   | Place    | Note
-------+----------+-------------------------------------------
     0 | D:1      | safid the Minotaur Hunter began the quest for the Orb.
     0 | D:1      | Reached XP level 1. HP: 18/18 MP: 0/0
   202 | D:1      | Reached XP level 2. HP: 23/26 MP: 1/1
   236 | D:1      | Noticed a floating eye
   243 | D:1      | Found a faded altar of an unknown god.
   250 | D:1      | Noticed a floating eye
   250 | D:1      | Noticed a golden eye
   250 | D:1      | Noticed an eye of devastation
   307 | D:1      | Reached skill level 5 in Ranged Weapons
   365 | D:1      | Reached XP level 3. HP: 29/31 MP: 2/2
   969 | D:2      | Noticed Robin
   978 | D:2      | Killed Robin
   979 | D:2      | Reached XP level 4. HP: 34/38 MP: 3/3
   980 | D:2      | Reached skill level 6 in Ranged Weapons
  1147 | D:2      | Found a runed translucent door.
  1148 | D:2      | Noticed Crazy Yiuf
  1234 | D:2      | Noticed Natasha
  1238 | D:2      | Killed Natasha
  1311 | D:2      | Noticed Natasha
  1551 | D:2      | HP: 1/38 [Natasha (7)]
  1551 | D:2      | Killed from afar by a shadow imp

Illustrated notes

Levels and vault maps discovered:
D:1:      roderic_dead_forest, layout_basic,
          hellmonk_ecumenical_altar_watching_god, minmay_bisected
D:2:      layout_rooms, uniq_robin, uniq_natasha, uniq_crazy_yiuf_cottage

Skill      XL: |  1  2  3  4 |
---------------+-------------+-----
Fighting       | 3 |  3.0
Ranged Weapons | 5 6 |  6.6
Dodging        | |  2.1
Stealth        | |  0.7

Action                   |  1- 3 |  4- 6 || total
-------------------------+-------+-------++-------
 Fire: Shortbow          |   102 |    55 ||   157
Armor: Leather armour    |     8 |     1 ||     9
Dodge: Dodged            |    22 |     8 ||    30
